 Dungeon Crawl Stone Soup version 0.13-a0-2657-gc1edc70 (webtiles) character file.

588 schwarznadel the Skirmisher (level 6, -5/49 HPs)
             Began as a Demonspawn Fighter on Aug 10, 2013.
             Was an Initiate of Okawaru.
             Slain by an ogre
             ... wielding a +0,+0 giant club
              (16 damage)
             ... on Level 4 of the Dungeon.
             The game lasted 00:16:02 (2738 turns).

schwarznadel the Skirmisher (Demonspawn Fighter)    Turns: 2738, Time: 00:16:02

HP  -5/49        AC 16     Str 21      XL: 6   Next: 37%
MP   5/5         EV  5     Int 10      God: Okawaru [......]
Gold 229         SH 19     Dex 12      Spells:  0 memorised,  5 levels left

Res.Fire  : + . .   See Invis. : .   b - +5,+1 hand axe "Croim" {elec, rF+}
Res.Cold  : . . .   Warding    : .   t - +0 orc chain mail
Life Prot.: . . .   Conserve   : .   c - +0 shield
Res.Poison: .       Res.Corr.  : .   (no helmet)
Res.Elec. : .       Clarity    : .   p - +0 orc cloak
Sust.Abil.: . .     Spirit.Shd : .   q - +2 pair of gloves {Str+3}
Res.Mut.  : .       Stasis     : .   (no boots)
Res.Rott. : .       Flight     : .   (no amulet)
Saprovore : . . .                    (no ring)
                                     (no ring)

@: slightly resistant to hostile enchantments, extremely unstealthy
A: nightstalker 2, AC +3
a: Renounce Religion


You were on level 4 of the Dungeon.
You worshipped Okawaru.
Okawaru was noncommittal.
You were not hungry.

You visited 2 branches of the dungeon, and saw 5 of its levels.

You collected 209 gold pieces.

Inventory:

Hand weapons
 a - a +2,+0 falchion
 b - the +5,+1 hand axe "Croim" (weapon) {elec, rF+}
   (You found it on level 4 of the Dungeon)

   Occasionally, upon striking a foe, it will discharge some electrical energy
   and cause terrible harm.
   It protects you from fire.
 o - a +0,+0 falchion
 r - a +0,+0 falchion
 s - a -1,+1 orcish falchion
Armour
 c - a +0 shield (worn)
 e - a cursed +0 pair of elven gloves
 p - a +0 orcish cloak (worn)
 q - a +2 pair of gloves of strength (worn)
 t - a +0 orcish chain mail (worn)
Comestibles
 d - 4 bread rations
 h - a lychee
 n - a choko
Scrolls
 g - 3 scrolls of remove curse
Potions
 f - 2 potions of speed {unknown}
 i - 2 potions of heal wounds {unknown}
 k - 2 potions of curing
 l - a potion of restore abilities {unknown}
 m - 2 potions of agility {unknown}


   Skills:
 * Level 4.3 Fighting
 - Level 3.1 Long Blades
 * Level 1.4 Axes
 + Level 3.7 Armour
 + Level 4.1 Shields


You had 5 spell levels left.
You didn't know any spells.

Dungeon Overview and Level Annotations

Branches:
Dungeon (4/27)             Temple (1/1) D:4

Altars:
Fedhas
Makhleb
Nemelex Xobeh
Okawaru
Xom
Yredelemnul
the Shining One


Innate Abilities, Weirdness & Mutations

You are mostly covered in yellow scales (AC +3).
You are significantly more attuned to the shadows.


Message History

You completely miss the ogre.
The ogre is lightly wounded.
The ogre hits you with a giant club.
* * * LOW HITPOINT WARNING * * *
You hit the ogre.
The ogre is moderately wounded.
The ogre barely misses you.
Read which item? (? for menu, Esc to quit)
None of your equipped items are cursed.
Read which item? (? for menu, Esc to quit)
As you read the scroll of fear, it crumbles to dust.
You assume a fearsome visage.
The ogre looks frightened!
The ogre turns to fight!
You hit the ogre.
There is a sudden explosion of sparks!
The ogre is severely wounded.
You block the ogre's attack.
You slash the ogre!
The ogre is almost dead.
The ogre hits you with a giant club!
You die...

*,,,,...,****** ,,,,,,,, ,,
*,, .....* *,,<, ,,,,,,,
*,,,.....* *,,, ,,,,,,,,
*****#.#** *, , ,,,,,,,,
*****,*** *,,,, ,,,,,,,
*,,,,,,,,* *,,,,,,,,,,,,
,,,,,,,,######*************
*,,,,,, ,#O...#####***######
*,,,,,,,,#.@.......,,*#.....
*,,,,,,,,#...........##.....
*,,,,,,,,#..(........##.....
*,,,,,,,,#...........##.....
*,,,,,,,,#...........##.....
*,,,,, ,,#...........##.....
*,,,,,,,,#...........##.....
*,,,,,,,..............'.....
*,,,,,,,,#...........##.....


You could see an ogre.

Vanquished Creatures
  The ghost of 5ubbak the Sneak, an average SpAK of Lugonu (D:4)
  An orc priest (D:4)
  3 adders (D:2)
  A worm (D:2)
  3 giant geckos
  3 oozes
  6 orcs
  A ball python (D:1)
  3 giant cockroaches
  17 goblins
  10 hobgoblins
  15 jackals
  A quokka (D:3)
  10 bats
  5 giant newts
  7 kobolds
  5 rats
92 creatures vanquished.

Notes
Turn   | Place    | Note
--------------------------------------------------------------
     0 | D:1      | schwarznadel, the Demonspawn Fighter, began the quest for the Orb.
     0 | D:1      | Reached XP level 1. HP: 18/18 MP: 0/0
   103 | D:1      | Gained mutation: You are slightly more attuned to the shadows. [demonic ancestry]
   103 | D:1      | Reached XP level 2. HP: 13/24 MP: 1/1
   742 | D:1      | Reached XP level 3. HP: 27/30 MP: 2/2
  1172 | D:2      | Gained mutation: You are partially covered in yellow scales (AC +2). [demonic ancestry]
  1172 | D:2      | Reached XP level 4. HP: 34/36 MP: 3/3
  2224 | D:4      | Found a staircase to the Ecumenical Temple.
  2258 | D:4      | Gained mutation: You are mostly covered in yellow scales (AC +3). [demonic ancestry]
  2258 | D:4      | Reached XP level 5. HP: 24/42 MP: 4/4
  2394 | D:4      | Got a jewelled hand axe
  2428 | D:4      | Noticed 5ubbak's ghost (average SpAK)
  2455 | D:4      | Identified the hand axe "Croim" {elec, rF+} (You found it on level 4 of the Dungeon)
  2474 | D:4      | Killed 5ubbak's ghost
  2474 | D:4      | Reached skill level 4 in Fighting
  2474 | D:4      | Reached skill level 1 in Axes
  2474 | D:4      | Gained mutation: You are significantly more attuned to the shadows. [demonic ancestry]
  2474 | D:4      | Reached XP level 6. HP: 43/49 MP: 5/5
  2518 | Temple   | Entered the Ecumenical Temple
  2541 | Temple   | Became a worshipper of Warmaster Okawaru
  2738 | D:4      | Slain by an ogre

Action                   |  1- 3 |  4- 6 || total
-------------------------+-------+-------++-------
Melee: Falchion          |   169 |   200 ||   369
       Hand axe          |       |    24 ||    24
  Use: Scroll            |     7 |     7 ||    14
       Potion            |       |     1 ||     1
